 Dungeon Crawl Stone Soup version 0.30.0-29-ga12c61a403 (webtiles) character file.

Game seed: 13561162610764091500

115327 H0rd4k the Covert (level 17, -6/128 HPs)
             Began as a Human Artificer on June 15, 2023.
             Was an Initiate of Gozag.
             Mangled by an enormous slime creature (64 damage)
             ... on level 13 of the Dungeon.
             The game lasted 01:10:56 (25075 turns).

H0rd4k the Covert (Human Artificer)                Turns: 25075, Time: 01:10:57

Health: -6/128     AC: 22    Str: 11    XL:     17   Next: 23%
Magic:  34/34      EV:  8    Int: 19    God:    Gozag
Gold:   1803       SH:  0    Dex: 18    Spells: 31/42 levels left

rFire   + + .        A - +11 long sword of the Final Decision {speed, rF++ Str-4 Dex+5}
rCold   . . .        (no shield)
rNeg    . . .        N - +7 chain mail of Impatience {Will+ Str+3}
rPois   +            J - +0 hat {Will+}
rElec   .            p - +1 cloak "Yfirus Odama" {rPois Regen+ Str-5 Stlth+}
rCorr   .            E - +2 pair of gloves {Stlth+}
SInv    .            v - +1 pair of boots of the Storm King {Str+3}
Will    +++..        z - amulet of regeneration
Stlth   +++++        b - +4 ring of slaying
HPRegen 2.01/turn    S - +4 ring of slaying
MPRegen 0.24/turn

%: no passive effects
@: studying Ranged Weapons
A: no striking features
a: Renounce Religion, Potion Petition, Call Merchant, Bribe Branch


You were on level 13 of the Dungeon.
You worshipped Gozag.
Gozag was most pleased with you.
You visited 4 branches of the dungeon, and saw 21 of its levels.

You collected 7427 gold pieces.
You spent 2933 gold pieces at shops.
You paid 2691 gold pieces to Gozag.

Inventory:

Hand Weapons
 j - the +6 shortbow of Carved Absolution {freeze, Str+3 Int+2 Dex-4}
   (You bought it in a shop on level 2 of the Orcish Mines)

   Str:       It affects your strength (+3).
   Int:       It affects your intelligence (+2).
   Dex:       It affects your dexterity (-4).
 l - a +5 dagger of flaming
 y - a +4 dagger of holy wrath
 A - the +11 long sword of the Final Decision (weapon) {speed, rF++ Str-4 Dex+5}
   (You bought it in a shop on level 9 of the Dungeon)

   Str:       It affects your strength (-4).
   Dex:       It affects your dexterity (+5).
   rF:        It greatly protects you from fire.
 Q - a +3 short sword of freezing
Missiles
 r - 38 poisoned darts (quivered)
Armour
 i - a scarf of repulsion
 p - the +1 cloak "Yfirus Odama" (worn) {rPois Regen+ Str-5 Stlth+}
   (You bought it in a shop on level 2 of the Orcish Mines)

   Str:       It affects your strength (-5).
   rPois:     It protects you from poison.
   Regen:     It increases your rate of health regeneration.
   Stlth:     It makes you more stealthy.
 q - the +5 chain mail "Faemaijo" {Int+2 SInv}
   (You bought it in a shop on level 9 of the Dungeon)

   Int:       It affects your intelligence (+2).
   SInv:      It lets you see invisible.
 v - the +1 pair of boots of the Storm King (worn) {Str+3}
   (You bought it in a shop on level 2 of the Orcish Mines)

   Str:       It affects your strength (+3).
 E - a +2 pair of gloves of stealth (worn)
 J - a +0 hat of willpower (worn)
 N - the +7 chain mail of Impatience (worn) {Will+ Str+3}
   (You bought it in a shop on level 9 of the Dungeon)

   Str:       It affects your strength (+3).
   Will:      It increases your willpower.
Jewellery
 b - a +4 ring of slaying (left hand)
 t - a ring of flight
 x - the ring "Pevoviu" {rElec rCorr}
   (You acquired it on level 9 of the Dungeon)

   [ring of resist corrosion]

   rElec:     It insulates you from electricity.
   rCorr:     It protects you from acid and corrosion.
 z - an amulet of regeneration (around neck)
 S - a +4 ring of slaying (right hand)
Wands
 c - a wand of mindburst (7)
 n - a wand of flame (11)
 u - a wand of charming (29)
 B - a wand of digging (10)
 G - a wand of roots (5)
Scrolls
 e - 8 scrolls of identify
 f - 6 scrolls of blinking
 g - 3 scrolls of magic mapping
 h - 11 scrolls of teleportation
 s - 4 scrolls of amnesia
 F - a scroll of poison
 R - 2 scrolls of butterflies
 V - a scroll of fear
 X - a scroll of brand weapon
 Y - 3 scrolls of fog
Potions
 a - a potion of berserk rage
 k - a potion of flight
 m - 8 potions of curing
 o - 2 potions of invisibility
 w - 2 potions of magic
 C - 7 potions of haste
 D - a potion of ambrosia
 H - a potion of cancellation
 K - 2 potions of might
 M - 2 potions of heal wounds
 U - 4 potions of brilliance
 W - 2 potions of resistance
Miscellaneous
 L - a piece from Xom's chessboard (15/15)
 O - a phantom mirror
 P - a box of beasts


   Skills:
 - Level 10.0 Fighting
 - Level 9.6(11.1) Short Blades
 - Level 9.0(10.8) Long Blades
 - Level 3.2 Maces & Flails
 - Level 5.3 Throwing
 - Level 2.0 Armour
 - Level 8.1 Dodging
 + Level 13.5 Stealth
 * Level 13.1 Spellcasting
 + Level 6.4 Summonings
 + Level 6.8 Air Magic
 + Level 6.1 Evocations


You had 31 spell levels left.
You knew the following spells:

 Your Spells              Type           Power      Damage    Failure   Level
a - Swiftness             Air            38%        N/A       30%         3
b - Summon Lightning Spi  Summ/Air       37%        N/A       73%         4
c - Airstrike             Air            19%        2d(3-19)  71%         4

Your spell library contained the following spells:

 Spells                   Type           Power      Damage    Failure   Level
 Summon Small Mammal      Summ           100%       N/A       12%         1
 Call Canine Familiar     Summ           36%        N/A       36%         3
 Shock                    Conj/Air       100%       1d9       38%         1
 Poisonous Vapours        Pois/Air       50%        N/A       54%         2
 Static Discharge         Conj/Air       50%        2-5/arc   54%         2
 Cigotuvi's Dreadful Rot  Necr/Pois/Air  42%        N/A       71%         2
 Summon Guardian Golem    Hex/Summ       24%        N/A       80%         3
 Apportation              Tloc           24%        N/A       86%         1
 Kiss of Death            Conj/Necr      48%        2d9       86%         1
 Sting                    Tmut/Pois      48%        1d5       86%         1
 Ensorcelled Hibernation  Hex/Ice        24%        N/A       95%         2
 Confusing Touch          Hex            12%        N/A       99%         3
 Dazzling Flash           Conj/Hex       24%        N/A       99%         3
 Inner Flame              Hex/Fire       12%        N/A       99%         3
 Spider Form              Tmut/Pois      12%        N/A       99%         3
 Volatile Blastmotes      Fire/Tloc      24%        2d12      99%         3
 Anguish                  Hex/Necr       6%         N/A       100%        4
 Dispel Undead            Necr           12%        3d9       100%        4
 Iskenderun's Mystic Bla  Conj/Tloc      12%        2d5       100%        4
 Manifold Assault         Tloc           12%        N/A       100%        4
 Olgreb's Toxic Radiance  Pois           12%        N/A       100%        4
 Alistair's Intoxication  Tmut/Pois      8%         N/A       100%        5
 Borgnjor's Vile Clutch   Necr/Erth      6%         N/A       100%        5
 Yara's Violent Unravell  Hex/Tmut       6%         3d5       100%        5
 Death Channel            Necr           6%         N/A       100%        6
 Dispersal                Tloc           6%         N/A       100%        6
 Eringya's Noxious Bog    Tmut/Pois      6%         N/A       100%        6
 Starburst                Conj/Fire      6%         6d4       100%        6
 Enfeeble                 Hex            6%         N/A       100%        7
 Disjunction              Tloc           6%         N/A       100%        8


Dungeon Overview and Level Annotations

Branches:
Dungeon (13/15)            Temple (1/1) D:4            Lair (5/5) D:9
  Swamp (0/4) Lair:3       Spider (0/4) Lair:2        Slime (0/5) Lair:5
    Orc (2/2) D:9             Elf (0/3) Orc:2        Vaults (0/5) D:13

Altars:
Ashenzari
Cheibriados
Dithmenos
Elyvilon
Fedhas
Gozag
Hepliaklqana
Kikubaaqudgha
Makhleb
Nemelex Xobeh
Okawaru
Qazlal
Ru
Sif Muna
Trog
Uskayaw
Vehumet
Wu Jian
Xom
Yredelemnul
Zin
The Shining One
Jiyva

Shops:
D:9 [([   D:10 ?   D:11 (   Orc:2 =?([

Annotations:
D:2 exclusion: downstairs
D:4 exclusion: downstairs
D:5 exclusion: downstairs
D:6 1 runed translucent door, exclusion: door, SharpKris's ghost, novice GnFi
D:7 1 runed translucent door, exclusions: door and 2 downstairs, Crazy Yiuf
D:9 exclusion: 2 downstairs
D:11 exclusion: 2 downstairs
D:12 exclusion: 2 downstairs
D:13 3 runed translucent doors, exclusion: 3 doors, Kiokkeho's ghost, journeyman TrMo
Temple 2 transporters
Lair:4 1 runed translucent door, exclusions: door and downstairs, magipi's ghost, journeyman DjCj


Message History

(V) Vaults
Where to? (Enter - D:13, ? - help)
There is an open door here.
There is an open door here.
You open the door.
There is an open door here.
There is an open door here.
There is a stone staircase leading down here.
You climb downwards.
Level annotation: 3 runed translucent doors, exclusion: 3 doors, Kiokkeho's ghost, journeyman TrMo
There is a stone staircase leading up here.
There are monsters nearby!
The slime creature quivers. x3
You slash the slime creature!
The slime creature is moderately wounded.
You slash the slime creature!
The slime creature is heavily wounded.
The slime creature hits you but does no damage.
Two slime creatures merge to form a large slime creature.
You slice the large slime creature!!
The large slime creature is heavily wounded.
You barely miss the large slime creature.
The large slime creature is heavily wounded.
You slice the large slime creature!!
The large slime creature is severely wounded.
The large slime creature hits you but does no damage.
Two slime creatures merge to form a very large slime creature.
Two slime creatures merge to form an enormous slime creature.
You slice the enormous slime creature!!
The enormous slime creature is heavily wounded.
You hit the enormous slime creature but do no damage.
The enormous slime creature is heavily wounded.
The enormous slime creature hits you!!!!
Ouch! That really hurt!
You slice the enormous slime creature!!
The enormous slime creature is heavily wounded.
The enormous slime creature hits you!!!
Ouch! That really hurt!
You die...
Your body crumbles into a pile of gold.

#.#####.#..##.#..#.##..##..
#.# #.#.#.#.#..#.#.#.#..#
#.# #.#..#.##..##.#..##.#
#.# #.#(....#..#.....##.#
#.#####.#######..########.#
#.......##.####..# #.#
#######.##..##..## #.#
########.###.##.###### #.#
#.........J@.........# #.#
#.##..<..#########.#.# #.#
#.##.##### #.#.# #.. #.##.#
#.#.# ### #.##.# #.#.#
#.##.# #.#.# #.##.# #.#.#
#J##.# #.#.# #.##.# #)#.##


You could see an enormous slime creature.

Vanquished Creatures
  A very ugly thing (D:10)
  A stone giant (D:10)
  Josephine (D:11)
  2 fire dragons (D:10)
  An ogre mage (D:13)
  6 hydras
  A merfolk avatar (Lair:5)
  4 centaur warriors
  6 two-headed ogres
  3 orc high priests (Orc:2)
  5 death yaks (Lair:5)
  A deep elf knight (D:13)
  3 skysharks
  A pharaoh ant (Lair:2)
  A skeletal warrior (D:13)
  A lindwurm (shapeshifter) (D:12)
  6 orc knights
  4 deep elf pyromancers
  Pikel (D:4)
  A harpy (D:10)
  4 ugly things
  A deep elf zephyrmancer (D:13)
  4 orc sorcerers
  14 cyclopes
  27 elephants
  3 manticores
  9 cane toads
  2 black mambas (Lair:2)
  2 gargoyles
  4 centaur skeletons (D:13)
  2 efreet
  5 kobold demonologists
  2 unseen horrors
  5 rime drakes
  12 komodo dragons
  5 trolls
  3 meliai (D:13)
  A wind drake (Lair:5)
  6 polar bears
  3 hornets
  2 snapping turtles (Lair:5)
  10 blink frogs
  6 spriggans (Lair:3)
  A jumping spider (Lair:2)
  Sigmund (D:5)
  11 slime creatures
  8 wraiths
  A vampire (D:11)
  52 yaks
  6 wyverns
  A shadow (D:10)
  5 basilisks
  13 vampire mosquitoes
  A redback (Lair:2)
  3 steam dragons
  Menkaure (D:6)
  3 swamp worms (Lair:3)
  3 wargs
  Duvessa (D:7)
  20 water moccasins
  A sky beast (D:7)
  27 orc warriors
  2 black bears (D:5)
  4 ice beasts
  7 ogres
  5 centaurs
  6 bullfrogs
  5 kobold brigands
  3 gnoll sergeants
  2 scorpions (D:5)
  2 wights (D:10)
  Dowan (D:7)
  13 killer bees
  An electric eel (Lair:5)
  4 howler monkeys
  A lava snake (D:11)
  7 jellies
  22 orc priests
  5 hounds
  2 sleepcaps
  6 iguanas
  38 orc wizards
  12 gnolls
  8 adders
  2 river rats (D:6)
  A white imp (D:7)
  A worm (D:3)
  2 dart slugs (D:2)
  95 orcs
  10 ball pythons
  6 bats
  9 endoplasms
  7 giant cockroaches
  8 goblins
  2 hobgoblins
  5 quokkas
  2 frilled lizards (D:1)
  24 kobolds
  5 rats
676 creatures vanquished.

Vanquished Creatures (collateral kills)
  A bullfrog (D:3)
  Terence (D:3)
  An orc wizard (D:4)
  A dart slug (D:4)
  7 orcs
  An endoplasm (D:4)
  A ball python (D:3)
  2 frilled lizards (D:3)
  3 kobolds
18 creatures vanquished.

Vanquished Creatures (others)
  A komodo dragon (Lair:3)
  A scorpion (D:4)
  An iguana (D:4)
  2 orc wizards
  A kobold (D:4)
6 creatures vanquished.

Grand Total: 700 creatures vanquished

Notes
Turn   | Place    | Note
-------+----------+-------------------------------------------
     0 | D:1      | H0rd4k the Human Artificer began the quest for the Orb.
     0 | D:1      | Reached XP level 1. HP: 15/15 MP: 1/1
   113 | D:1      | Reached XP level 2. HP: 21/21 MP: 2/2
   406 | D:1      | Reached XP level 3. HP: 25/26 MP: 3/3
  1287 | D:2      | Reached XP level 4. HP: 30/32 MP: 4/4
  1396 | D:2      | Reached skill level 1 in Maces & Flails
  1749 | D:3      | Found a white marble altar of Elyvilon.
  1771 | D:3      | Noticed Terence
  1778 | D:3      | Noticed a bullfrog
  1801 | D:3      | Killed a bullfrog
  1802 | D:3      | Reached skill level 1 in Spellcasting
  1802 | D:3      | Reached XP level 5. HP: 10/38 MP: 2/6
  1821 | D:3      | Killed Terence
  2005 | D:3      | Reached XP level 6. HP: 44/44 MP: 6/8
  2728 | D:4      | Noticed an ogre
  2756 | D:4      | Killed an ogre
  2757 | D:4      | Reached XP level 7. HP: 20/50 MP: 8/10
  3008 | D:4      | Found a staircase to the Ecumenical Temple.
  3020 | Temple   | Entered the Ecumenical Temple
  3020 | Temple   | Found a transporter.
  3020 | Temple   | Found a transporter.
  3022 | Temple   | Found a transporter.
  3022 | Temple   | Found a transporter.
  3041 | Temple   | Became a worshipper of Gozag Ym Sagoz the Greedy
  3499 | D:4      | Found a shimmering altar of Xom.
  3553 | D:4      | Noticed Pikel
  3623 | D:4      | Killed Pikel
  3624 | D:4      | Reached skill level 1 in Short Blades
  3624 | D:4      | Reached skill level 5 in Evocations
  3624 | D:4      | Reached XP level 8. HP: 58/58 MP: 10/13
  4003 | D:5      | Entered Level 5 of the Dungeon
  4008 | D:5      | Noticed Sigmund
  4532 | D:5      | Reached XP level 9. HP: 65/65 MP: 15/15
  5016 | D:5      | Identified a scroll of acquirement
  5151 | D:6      | Found a runed translucent door.
  5154 | D:6      | Noticed SharpKris's ghost (novice GnFi)
  5169 | D:6      | Noticed Menkaure
  5237 | D:5      | Killed Sigmund
  5333 | D:6      | Killed Menkaure
  5334 | D:6      | Reached skill level 5 in Fighting
  5353 | D:6      | Reached skill level 5 in Dodging
  5450 | D:6      | Reached skill level 5 in Spellcasting
  5577 | D:6      | Identified the +2 scale mail "Tyerox" {Harm rElec}
  5729 | D:6      | Reached skill level 5 in Short Blades
  5906 | D:7      | Noticed Dowan
  5951 | D:7      | Killed Dowan
  5952 | D:7      | Reached XP level 10. HP: 74/74 MP: 18/18
  6784 | D:7      | Found an ornate altar of the Wu Jian Council.
  6941 | D:7      | Found a runed translucent door.
  6942 | D:7      | Noticed Crazy Yiuf
  7055 | D:7      | Noticed Duvessa
  7062 | D:7      | Killed Duvessa
  7985 | D:8      | Reached XP level 11. HP: 60/83 MP: 20/20
  8122 | D:9      | Found a staircase to the Lair.
  8137 | D:9      | HP: 3/84 [water moccasin (9)]
  8525 | D:8      | Found a stormy altar of Qazlal.
  8550 | D:8      | Found a sacrificial altar of Ru.
  8551 | D:8      | Found an iron altar of Okawaru.
  9051 | D:9      | Found a staircase to the Orcish Mines.
  9074 | D:9      | Reached skill level 1 in Throwing
  9452 | D:9      | Noticed a cyclops
  9481 | D:9      | Killed a cyclops
  9657 | D:9      | Found an ancient bone altar of Kikubaaqudgha.
  9730 | D:10     | Entered Level 10 of the Dungeon
  9933 | D:10     | Found Tuyddug's Magic Scroll Shoppe.
  9941 | D:10     | Bought a scroll of blinking for 105 gold pieces
  9941 | D:10     | Bought a scroll of teleportation for 42 gold pieces
 10101 | D:10     | Noticed a cyclops
 10101 | D:10     | Noticed an eight-headed hydra
 10101 | D:10     | Noticed a green very ugly thing
 10203 | D:10     | Noticed a cyclops
 10369 | D:10     | Noticed a two-headed ogre
 10390 | D:10     | Killed a two-headed ogre
 10429 | D:10     | Identified the +4 war axe "Jycipn" {protect, rElec MP-9
                  | Int+2 Dex+4}
 10493 | D:10     | Reached XP level 12. HP: 93/94 MP: 23/23
 10497 | D:10     | Noticed a sixfirhy
 10695 | D:10     | Noticed a stone giant
 10806 | D:10     | Noticed a four-headed hydra
 10806 | D:10     | Noticed a fire dragon
 11071 | D:9      | Bought a slimy long sword for 289 gold pieces
 11071 | D:9      | Identified the +11 long sword of the Final Decision {speed,
                  | rF++ Str-4 Dex+5} (You bought it in a shop on level 9 of
                  | the Dungeon)
 11093 | Lair:1   | Entered Level 1 of the Lair of Beasts
 11135 | Lair:1   | Reached skill level 1 in Long Blades
 12229 | Lair:2   | Found a hole to the Spider Nest.
 12235 | Lair:2   | Noticed a pharaoh ant
 12674 | Lair:3   | Noticed a skyshark
 12704 | Lair:3   | Noticed a skyshark
 12713 | Lair:3   | Killed a skyshark
 12714 | Lair:3   | Reached skill level 5 in Long Blades
 12958 | Lair:3   | Reached XP level 13. HP: 95/101 MP: 25/25
 13541 | Lair:3   | Noticed a six-headed hydra
 13554 | Lair:3   | Killed a six-headed hydra
 13917 | Lair:3   | Noticed a six-headed hydra
 13926 | Lair:3   | Killed a six-headed hydra
 13965 | Lair:3   | Found a staircase to the Swamp.
 14495 | Lair:4   | Found a runed translucent door.
 14508 | Lair:4   | Found a shimmering altar of Xom.
 14508 | Lair:4   | Noticed magipi's ghost (journeyman DjCj)
 14652 | Lair:4   | Reached skill level 10 in Fighting
 14708 | Lair:4   | Reached skill level 5 in Throwing
 14826 | Lair:4   | Reached skill level 5 in Stealth
 15497 | Lair:4   | Learned a level 3 spell: Swiftness
 15502 | Lair:4   | Learned a level 4 spell: Summon Lightning Spire
 15506 | Lair:5   | Entered Level 5 of the Lair of Beasts
 15525 | Lair:5   | Reached XP level 14. HP: 108/110 MP: 27/27
 15526 | Lair:5   | Reached skill level 1 in Summonings
 15526 | Lair:5   | Reached skill level 1 in Air Magic
 15864 | Lair:5   | Found a staircase to the Slime Pits.
 15864 | Lair:5   | Found a viscous altar of Jiyva.
 15876 | Lair:5   | Reached skill level 10 in Spellcasting
 16523 | Lair:4   | Learned a level 4 spell: Airstrike
 16751 | Lair:5   | Reached skill level 5 in Air Magic
 16753 | Lair:5   | Reached skill level 5 in Summonings
 16759 | Lair:5   | HP: 5/110 [death yak (27)]
 16992 | Lair:5   | HP: 2/110 [drowned by a drowned soul[a merfolk avatar]
                  | (12)]
 17190 | Lair:5   | Identified the +1 hand axe of Compound Interest {venom,
                  | Int+2 Stlth+}
 17426 | D:9      | Bought a pair of embroidered gloves for 262 gold pieces
 17426 | D:9      | Bought a brightly glowing chain mail for 332 gold pieces
 17426 | D:9      | Identified the +7 chain mail of Impatience {Will+ Str+3}
                  | (You bought it in a shop on level 9 of the Dungeon)
 17426 | D:9      | Bought a faintly glowing chain mail for 332 gold pieces
 17426 | D:9      | Identified the +5 chain mail "Faemaijo" {Int+2 SInv} (You
                  | bought it in a shop on level 9 of the Dungeon)
 17426 | D:9      | Bought an embroidered hat for 245 gold pieces
 17483 | D:9      | Acquired a manual of Ranged Weapons
 17489 | D:9      | Acquired the ring "Pevoviu" {rElec rCorr}
 17501 | D:9      | Reached XP level 15. HP: 115/115 MP: 28/30
 17769 | D:10     | Reached XP level 16. HP: 90/122 MP: 31/31
 19008 | D:11     | Found Ding's Weapon Shoppe.
 19206 | D:11     | Noticed Josephine
 19222 | D:11     | Killed Josephine
 19586 | Orc:1    | Entered Level 1 of the Orcish Mines
 19714 | Orc:1    | Reached skill level 10 in Stealth
 20369 | Orc:2    | Entered Level 2 of the Orcish Mines
 20369 | Orc:2    | Found a staircase to the Elven Halls.
 21891 | Orc:2    | Found Heskust's Jewellery Boutique.
 21891 | Orc:2    | Found Zim Wiu's Antique Armour Emporium.
 21911 | Orc:2    | Found Zoisom Donu's Magic Scroll Boutique.
 21911 | Orc:2    | Found Ysydokk's Weapon Emporium.
 21922 | Orc:2    | Bought a bloodstained cloak for 285 gold pieces
 21922 | Orc:2    | Identified the +1 cloak "Yfirus Odama" {rPois Regen+ Str-5
                  | Stlth+} (You bought it in a shop on level 2 of the Orcish
                  | Mines)
 21922 | Orc:2    | Bought a pair of spiked boots for 285 gold pieces
 21922 | Orc:2    | Identified the +1 pair of boots of the Storm King {Str+3}
                  | (You bought it in a shop on level 2 of the Orcish Mines)
 22153 | Orc:2    | Bought the +6 shortbow of Carved Absolution {freeze, Str+3
                  | Int+2 Dex-4} for 756 gold pieces
 23674 | D:12     | Identified the +5 pair of boots "Jaqes" {rN+ Stlth+}
 23906 | D:13     | Reached XP level 17. HP: 109/128 MP: 33/33
 24188 | D:13     | Found a gate to the Vaults.
 24397 | D:13     | Noticed Kiokkeho's ghost (journeyman TrMo)
 24399 | D:13     | Found a runed translucent gate.
 24399 | D:13     | Found a runed translucent gate.
 24399 | D:13     | Found a runed translucent gate.
 25075 | D:13     | Mangled by an enormous slime creature

Illustrated notes

Levels and vault maps discovered:
D:1:      tarquinn_simple_flora_water_d, layout_loops_ring
D:2:      layout_basic, st_stairs_3
D:3:      layout_rooms, mainiacjoe_overflow_paths, minmay_misc_feat_pillars,
          minmay_misc_feat_columns, minmay_checkerbox, uniq_terence
D:4:      layout_basic, xom_confusion_cloud, minmay_temple_entry_antechambers,
          uniq_pikel
D:5:      lemuel_ice_spiral_2, layout_basic, solitary_fountain,
          chequers_serial_rivers_room_b, minmay_puff, uniq_sigmund
D:6:      layout_rooms, ebering_ghost_sewer_d, portal_sewer_entry_c,
          grunt_potential, uniq_menkaure
D:7:      layout_basic, nicolae_wu_jian_immortal_techniques,
          hangedman_decor_points, uniq_duvessa, uniq_crazy_yiuf_cottage
D:8:      layout_gridville, overflow_temple_1_default,
          gammafunk_temple_overflow_statue
D:9:      layout_rooms, mainiacjoe_overflow_alcove_4, minmay_lair_entry_grove,
          orc_0_dummy
D:10:     layout_roguey, serial_shops, nicolae_shop_trees, nicolae_rejected_hall
D:11:     layout_roguey, serial_shops, nicolae_shop_bloodbath_and_beyond,
          kennysheep_generic_room_2, uniq_josephine
D:12:     layout_stronghold
D:13:     layout_loops_ring, hangedman_vaults_entry_quadrant_bands,
          gammafunk_ghost_hydra_chop
Temple:   hellmonk_temple_divided_pantheon
Lair:1:   layout_loops_ring, grunt_megastairs_1
Lair:2:   layout_chaotic_city, nicolae_spider_entry_lesser_pyramids,
          hangedman_lair_unloving_vines
Lair:3:   layout_gridlike, palyth_hydra_swamp_entry, wad_woods_01,
          grunt_megastairs_3
Lair:4:   beast_lair_carwin_large_4, layout_cave_pods, ebering_ghost_xom,
          st_stairs_12, serial_bayou_shore_b
Lair:5:   gammafunk_lair_ancient_temple, layout_gridlike,
          minmay_slime_entry_pillars, st_stairs_10, serial_bayou_pond_d
Orc:1:    layout_diamond_mine, minmay_orc_keep
Orc:2:    grunt_orc_tribal_feast, layout_diamond_mine

Skill      XL: |  1  2  3  4  5  6  7  8  9 10 11 12 13 14 15 16 17 |
---------------+----------------------------------------------------+-----
Maces & Flails | 1 2 3 |  3.2
Dodging        | 2 3 4 5 6 7 8 |  8.1
Spellcasting   | 1 2 3 4 5 6 7 8 9 11 12 13 | 13.1
Evocations     | 4 5 6 |  6.1
Stealth        | 2 3 4 5 7 12 13 | 13.5
Fighting       | 2 3 4 5 6 8 9 10 | 10.0
Short Blades   | 1 2 5 7 9 |  9.6
Throwing       | 2 3 5 |  5.3
Long Blades    | 6 9 |  9.0
Summonings     | 6 |  6.4
Air Magic      | 6 |  6.8
Armour         | |  2.0

Action                     |  1- 3 |  4- 6 |  7- 9 | 10-12 | 13-15 | 16-18 || total
---------------------------+-------+-------+-------+-------+-------+-------++-------
  Melee: Club              |   173 |    30 |       |       |       |       ||   203
         Punch             |     2 |     1 |     7 |    14 |     9 |    14 ||    47
         Mace              |       |    62 |    36 |       |       |       ||    98
         Dagger            |       |       |   354 |   699 |    38 |    68 ||  1159
         Long sword        |       |       |       |   142 |   482 |   765 ||  1389
  Throw: Dart              |       |       |     3 |    37 |    83 |       ||   123
   Cast: Swiftness         |       |       |       |       |     1 |       ||     1
 Invoke: Call Merchant     |       |       |       |     2 |     1 |       ||     3
  Evoke: Wand              |       |    27 |     8 |     6 |     5 |     2 ||    48
    Use: Scroll            |       |       |    11 |    14 |    16 |     6 ||    47
         Potion            |       |       |     2 |    11 |     5 |     2 ||    20
   Stab: Sleeping          |     1 |       |       |     1 |     2 |     9 ||    13
         Distracted        |       |     2 |     2 |     6 |     5 |     8 ||    23
 Armour: Leather armour    |    69 |    12 |       |       |       |       ||    81
         Scale mail        |       |    31 |   164 |   263 |   131 |       ||   589
         Chain mail        |       |       |       |       |    15 |   305 ||   320
  Dodge: Dodged            |   125 |    95 |   200 |   329 |   171 |   219 ||  1139
         Repelled          |       |     1 |     3 |     6 |     4 |     4 ||    18
